[Event "Late-Titled-Tuesday-Blitz-February-27-2024"]
[Site "Chess.com"]
[Date "2024.02.27"]
[Round "8"]
[White "Evandro_Barbosa"]
[Black "MolecularChemist"]
[Result "0-1"]
[WhiteElo "2672"]
[BlackElo "2868"]
[TimeControl "180+1"]
[EndTime "15:24:13 PST"]
[Termination "MolecularChemist won by resignation"]

1. Nf3 b6 2. g3 Bb7 3. Bg2 g5 4. O-O g4 5. Ne5 Bxg2 6. Kxg2 h5 7. d4 Nc6 8. Nc3 Bg7 9. Bf4 Nf6 10. d5 Nxe5 11.
Bxe5 d6 12. Bd4 h4 13. e4 Qd7 14. Qe2 O-O-O 15. Qa6+ Kb8 16. Nb5 c5 17. dxc6 Qxc6 18.
Qxa7+ Kc8 19. Bxb6 Nxe4 20. Qa6+ Kd7 21. Nd4 Bxd4 22.
Qa7+ Ke8 0-1

[Event "Late-Titled-Tuesday-Blitz-February-27-2024"]
[Site "Chess.com"]
[Date "2024.02.27"]
[Round "8"]
[White "Boninknights"]
[Black "ImportedItalianMaple"]
[Result "1-0"]
[WhiteElo "2397"]
[BlackElo "2491"]
[TimeControl "180+1"]
[EndTime "15:24:15 PST"]
[Termination "Boninknights won by checkmate"]

1. d4 g6 2. Bg5 Bg7 3. c3 h6 4. Bh4 c5 5. e3 Nf6 6. Nd2 cxd4 7. exd4 d6 8. Ngf3 O-O 9. Bc4 Nc6 10. O-O e5 11.
dxe5 dxe5 12. b4 Qc7 13. Qb3 Ne7 14. Rfe1 Nf5 15. Bxf6 Bxf6 16. Ne4 Bg7 17. Rad1 Re8 18. g4 Nh4 19. Nxh4 Bxg4 20. Rd6 Rac8 21. Rxg6 Bh5 22.
Nf6+ Kh8 23. Rxg7 Qxc4 24. Rh7# 1-0

[Event "Late-Titled-Tuesday-Blitz-February-27-2024"]
[Site "Chess.com"]
[Date "2024.02.27"]
[Round "8"]
[White "Mikhail646464"]
[Black "EDaMatta"]
[Result "1-0"]
[WhiteElo "2356"]
[BlackElo "2233"]
[TimeControl "180+1"]
[EndTime "15:24:16 PST"]
[Termination "Mikhail646464 won by checkmate"]

1. d4 d5 2. Nf3 Nf6 3. c4 c6 4. g3 dxc4 5. Bg2 b5 6. O-O Bb7 7. a4 e6 8. Ne5 a6 9. Nc3 Qb6 10. e4 Be7 11. Be3 Qc7 12. Bf4 Qc8 13. d5 cxd5 14.
exd5 exd5 15. Nxd5 Nxd5 16. Bxd5 O-O 17. axb5 Rd8 18.
Bxf7+ Kf8 19. Qh5 Nd7 20. Qxh7 Bf6 21. Qg8+ Ke7 22. Ng6# 1-0

[Event "Late-Titled-Tuesday-Blitz-February-27-2024"]
[Site "Chess.com"]
[Date "2024.02.27"]
[Round "8"]
[White "Cambek64"]
[Black "northridgehawk"]
[Result "1-0"]
[WhiteElo "2485"]
[BlackElo "2284"]
[TimeControl "180+1"]
[EndTime "15:24:17 PST"]
[Termination "Cambek64 won by checkmate"]

1. e3 d5 2. d4 e6 3. c4 c5 4.
Nc3 Nc6 5. Nf3 Nf6 6. a3 a6 7. Bd3 dxc4 8. Bxc4 b5 9. Bd3 Bb7 10. O-O cxd4 11. exd4 Be7 12. h3 O-O 13. Be3 Qb8 14. Rc1 Rd8 15. Bb1 Bf8 16. Qc2 Ne7 17. Ne5 Qd6 18. Rfd1 Rac8 19. Qe2 Ned5 20. Bd2 Qb6 21. Ne4 Qxd4 22. Ng5 Nf4 23. Bxf4 Qxf4 24. Rxc8 Rxd1+ 25. Qxd1 Qxe5 26. Rxf8+ Kxf8 27. Qd8+ Ne8 28. Nxh7+ Kg8 29. Qxe8# 1-0

[Event "Late-Titled-Tuesday-Blitz-February-27-2024"]
[Site "Chess.com"]
[Date "2024.02.27"]
[Round "8"]
[White "Aleksandar-Topalov"]
[Black "Nouali_Mohamed"]
[Result "0-1"]
[WhiteElo "2372"]
[BlackElo "2531"]
[TimeControl "180+1"]
[EndTime "15:24:27 PST"]
[Termination "Nouali_Mohamed won by resignation"]

1. b3 d5 2. Bb2 Nf6 3. Nf3 Nc6 4. e3 a6 5. c4 Bg4 6. Be2 e6 7. O-O Be7 8. a3 O-O 9. h3 Bh5 10. d3 Re8 11. Nbd2 Bf8 12. b4 dxc4 13. Nxc4 Nd7 14.
d4 Bg6 15. Rc1 Rc8 16. Qb3 f6 17. Rfd1 Bf7 18. Qc2 Nb6 19. Nxb6 cxb6 20. Qb1 b5 21. e4 Qb6 22. d5 exd5 23. exd5 Rxe2 0-1

[Event "Late-Titled-Tuesday-Blitz-February-27-2024"]
[Site "Chess.com"]
[Date "2024.02.27"]
[Round "8"]
[White "Sjakkerntobi"]
[Black "Maikrosoft63"]
[Result "0-1"]
[WhiteElo "2455"]
[BlackElo "2617"]
[TimeControl "180+1"]
[EndTime "15:24:31 PST"]
[Termination "Maikrosoft63 won by resignation"]

1. e4 c5 2. Nf3 Nc6 3. d4 cxd4 4. Nxd4 Nf6 5. Nc3 d6 6. Bg5 e6 7. Qd2 a6 8. Nxc6 bxc6 9. O-O-O Be7 10. f4 d5 11. Qe3 O-O 12. Be2 Rb8 13. e5 Nd7 14. Bxe7 Qxe7 15. h4 Qb4 16. b3 c5 17. Qg3 c4 18. h5 h6 19. Rh4 Kh8 20. Rg4 Rg8 21. Rf1 Nc5 22. Qe3 cxb3 23. f5 Qa3+ 24. Kd2 exf5 25.
Rxg7 Rxg7 26. Qxh6+ Kg8 27. Nxd5 Ne4+ 28. Ke1 Qa5+ 0-1

[Event "Late-Titled-Tuesday-Blitz-February-27-2024"]
[Site "Chess.com"]
[Date "2024.02.27"]
[Round "8"]
[White "Nick12772"]
[Black "rdarruda"]
[Result "0-1"]
[WhiteElo "2375"]
[BlackElo "2501"]
[TimeControl "180+1"]
[EndTime "15:24:37 PST"]
[Termination "rdarruda won by resignation"]

1. Nf3 d5 2. g3 Nf6 3. Bg2 g6 4. O-O Bg7 5. d4 O-O 6. c4 c6 7.
cxd5 cxd5 8. Ne5 Nc6 9. Nxc6 bxc6 10. Nc3 Bf5 11. Bf4 Ne4 12. Nxe4 Bxe4 13. Bxe4 dxe4 14. Be5 Qb6 15. Bxg7 Kxg7 16. b3 Rfd8 17. e3 e5 18.
Qc2 exd4 19. Qxe4 dxe3 20. fxe3 Re8 21. Qd4+ Kg8 22. Rae1 Rad8 23. Qc4 Rd7 24. Rf3 Re6 25. Kg2 Rd5 26. Re2 Rde5 27. Qf4 f5 28. Qc4 Kg7 29. Qf4 Re4 30. Qg5 Rg4 0-1

[Event "Late-Titled-Tuesday-Blitz-February-27-2024"]
[Site "Chess.com"]
[Date "2024.02.27"]
[Round "8"]
[White "Boorchess"]
[Black "Godzillator"]
[Result "1-0"]
[WhiteElo "2528"]
[BlackElo "2362"]
[TimeControl "180+1"]
[EndTime "15:24:43 PST"]
[Termination "Boorchess won by resignation"]

1. d4 d5 2. c4 e6 3. Nf3 a6 4.
Nbd2 Nf6 5. g3 Be7 6. Bg2 O-O 7. O-O c6 8. Qc2 Nbd7 9. Rd1 Re8 10. e4 dxe4 11. Nxe4 Nxe4 12. Qxe4 Nf6 13. Qe2 Qc7 14. Bf4 Bd6 15. Bxd6 Qxd6 16. c5 Qc7 17. Ne5 Nd7 18.
Nc4 e5 19. Nd6 Re6 20. Bh3 Rh6 21. Bf5 g6 22. Bg4 b5 23. Rac1 Bb7 24. dxe5 Nf8 25. e6 Nxe6 26. Bxe6 fxe6 27. Qxe6+ Kg7 28. Re1 Bc8 29.
Qe5+ Kg8 30. Qe8+ Kg7 31. Re7+ 1-0

[Event "Late-Titled-Tuesday-Blitz-February-27-2024"]
[Site "Chess.com"]
[Date "2024.02.27"]
[Round "8"]
[White "Josetricks"]
[Black "Rashad_Zeynalli"]
[Result "1-0"]
[WhiteElo "2490"]
[BlackElo "2617"]
[TimeControl "180+1"]
[EndTime "15:24:50 PST"]
[Termination "Josetricks won by resignation"]

1. e4 c5 2. c3 Nf6 3. e5 Nd5 4.
d4 cxd4 5. Nf3 d6 6. Qxd4 e6 7. Nbd2 Nc6 8. Bb5 Bd7 9. Bxc6 Bxc6 10. Nc4 dxe5 11. Ncxe5 Nf6 12. Nxc6 bxc6 13. Qa4 Qb6 14. O-O Be7 15. Be3 Qb7 16. Ne5 O-O 17. Nxc6 Bd6 18.
Nb4 Qe4 19. Qc6 Qe5 20. g3 Rac8 21. Bf4 Rxc6 22. Bxe5 Bxb4 23. cxb4 Nd5 24. a3 Rfc8 25. Bd4 a6 26. Bc5 Nb6 27. Bxb6 Rxb6 28. Rac1 Rbc6 29.
Rxc6 Rxc6 30. Rd1 Kf8 31. Kg2 Rc2 32. Rd6 Rxb2 33. Rxa6 Ke7 34. h4 h5 35. Ra7+ Kf6 36. Ra5 g6 37. b5 1-0

[Event "Late-Titled-Tuesday-Blitz-February-27-2024"]
[Site "Chess.com"]
[Date "2024.02.27"]
[Round "8"]
[White "tteshan"]
[Black "OverallStranger"]
[Result "1-0"]
[WhiteElo "2606"]
[BlackElo "2403"]
[TimeControl "180+1"]
[EndTime "15:24:56 PST"]
[Termination "tteshan won by resignation"]

1. e4 c5 2. c3 Nf6 3. e5 Nd5 4. Nf3 Nc6 5. Bc4 Nb6 6. Bb3 d6 7. exd6 Qxd6 8. O-O Be6 9. Bxe6 Qxe6 10. a4 Nd5 11. d4 cxd4 12. Nxd4 Nxd4 13. Qxd4 Qd7 14. Rd1 e6 15. Na3 a6 16. Nc4 Rc8 17. Bg5 Be7 18.
Qxg7 Rf8 19. Nb6 Nxb6 20. Rxd7 Nxd7 21. Bxe7 Kxe7 22. Qxh7 Nf6 23. Qd3 Rcd8 24. Qf3 Rd5 25. Rd1 Rfd8 26. Rxd5 Rxd5 27. h4 b5 28. axb5 axb5 29.
g3 Nd7 30. Kg2 Ne5 31. Qe2 Nc4 32. b3 Rd2 33. Qe1 1-0

[Event "Late-Titled-Tuesday-Blitz-February-27-2024"]
[Site "Chess.com"]
[Date "2024.02.27"]
[Round "8"]
[White "MiguelEduardoGB"]
[Black "Charodej1"]
[Result "0-1"]
[WhiteElo "2155"]
[BlackElo "2311"]
[TimeControl "180+1"]
[EndTime "15:25:03 PST"]
[Termination "Charodej1 won by resignation"]

1. Nf3 d5 2. e3 Nf6 3. b3 c5 4. Bb2 Nc6 5. Bb5 Nd7 6. Bxc6 bxc6 7. O-O e6 8. d3 f6 9. e4 Be7 10. Nbd2 O-O 11. Qe2 e5 12. c4 Nb6 13. h3 a5 14.
a4 Ba6 15. Nh4 g6 16. Kh1 Bd6 17. Qf3 Bb7 18. Rad1 Qe7 19. Qg4 Kh8 20. Qf3 f5 21. exf5 Qxh4 22. g4 gxf5 23. Rde1 fxg4 24. Qxg4 Qxg4 25.
hxg4 Rae8 26. f4 Nd7 27. Kg2 Kg8 28. f5 e4 29. dxe4 d4 30. Nf3 Ne5 31. Ng5 Bc8 32. Rh1 Re7 33. Rh4 Rg7 34. Bc1 Nd3 35. e5 0-1

[Event "Late-Titled-Tuesday-Blitz-February-27-2024"]
[Site "Chess.com"]
[Date "2024.02.27"]
[Round "8"]
[White "cassoulet"]
[Black "Tunahan_Makaraci"]
[Result "1-0"]
[WhiteElo "2775"]
[BlackElo "2587"]
[TimeControl "180+1"]
[EndTime "15:25:10 PST"]
[Termination "cassoulet won by resignation"]

1. e4 Nf6 2. Nc3 d5 3. e5 Nfd7 4. f4 c5 5. Nxd5 Nxe5 6. Bb5+ Nbc6 7. Ne3 Ng6 8. Bxc6+ bxc6 9. Qf3 Qc7 10. Ne2 e6 11. O-O Be7 12. d3 O-O 13. b3 a5 14. a4 Bf6 15. Rb1 Ne7 16. Ba3 Qa7 17. Kh1 Nd5 18. Nc4 Ba6 19. Nd6 Nb4 20. Rbc1 Rfd8 21. Ne4 Qe7 22.
N2g3 g6 23. Nxf6+ Qxf6 24. Ne4 Qe7 25. Bb2 f5 26. Nf6+ Kf7 27. Nxh7 Qh4 28. Ng5+ Ke7 29. Qe2 1-0

[Event "Late-Titled-Tuesday-Blitz-February-27-2024"]
[Site "Chess.com"]
[Date "2024.02.27"]
[Round "8"]
[White "NovakRatko"]
[Black "DraningWaterHi"]
[Result "1/2-1/2"]
[WhiteElo "2464"]
[BlackElo "2250"]
[TimeControl "180+1"]
[EndTime "15:25:10 PST"]
[Termination "Game drawn by repetition"]

1. d4 Nf6 2. c4 g6 3. Nc3 Bg7 4. e4 d6 5. f3 O-O 6. Be3 c5 7. dxc5 dxc5 8. Qxd8 Rxd8 9. Bxc5 Nc6 10. Nd5 Nd7 11. Nxe7+ Nxe7 12. Bxe7 Re8 13. Ba3 f5 14. O-O-O fxe4 15. c5 Ne5 16. fxe4 Be6 17. Nf3 Nxf3 18. gxf3 Bxa2 19. Rd7 b6 20. c6 Rac8 21. Bb5 a6 22.
Bxa6 Rxc6+ 23. Kd2 Bh6+ 24. Kd3 Be6 25. Rd6 Rxd6+ 26. Bxd6 Rd8 27. e5 Bf8 28. Ke4 Bxd6 29. exd6 Rxd6 30. Ke5 Rc6 31. Bb7 Rc7 32. Be4 Bf7 33.
Rd1 Kg7 34. Rd6 Rc5+ 35. Kf4 Rb5 36. Rd7 Kf6 37. Rd6+ Ke7 38. Rd2 Rb4 39. h4 Kf6 40. Rd6+ Ke7 41. Rd2 Kf6 42. Rd6+ Ke7 43. Rd2 1/2-1/2

[Event "Late-Titled-Tuesday-Blitz-February-27-2024"]
[Site "Chess.com"]
[Date "2024.02.27"]
[Round "8"]
[White "FredddieCroderg"]
[Black "rose107"]
[Result "1-0"]
[WhiteElo "2279"]
[BlackElo "2123"]
[TimeControl "180+1"]
[EndTime "15:25:11 PST"]
[Termination "FredddieCroderg won on time"]

1. e4 c5 2. Bc4 e6 3. Qf3 Nc6 4. d3 Ne5 5. Qg3 Nxc4 6. dxc4 d6 7. Nc3 Nf6 8. Be3 Nh5 9. Qf3 Nf6 10. O-O-O Be7 11. Qg3 O-O 12. e5 Nh5 13. Qh3 g6 14. exd6 Bxd6 15. Ne4 e5 16. g4 Qa5 17. Nxd6 Qxa2 18. Nxc8 Raxc8 19. Nf3 1-0

[Event "Late-Titled-Tuesday-Blitz-February-27-2024"]
[Site "Chess.com"]
[Date "2024.02.27"]
[Round "8"]
[White "alexrustemov"]
[Black "Zq1"]
[Result "1-0"]
[WhiteElo "2800"]
[BlackElo "2629"]
[TimeControl "180+1"]
[EndTime "15:25:12 PST"]
[Termination "alexrustemov won by resignation"]

1. d4 Nf6 2. Bg5 c5 3. c3 e6 4. e3 b6 5. Nd2 Bb7 6. Ngf3 Be7 7. Bd3 O-O 8. Qe2 a6 9. a4 d6 10. h3 Nbd7 11. Bf4 Re8 12. O-O h6 13. Bh2 cxd4 14. exd4 Ra7 15. Nc4 Nf8 16. Nfd2 d5 17. Ne5 N6d7 18.
Ndf3 Nxe5 19. Nxe5 Nd7 20. Rae1 Nxe5 21. Bxe5 Bd6 22. f4 Bxe5 23. fxe5 Qd7 24. Bc2 Qe7 25.
Qd3 g6 26. Rf6 Rf8 27. h4 Bc6 28. h5 Be8 29. Ref1 1-0

[Event "Late-Titled-Tuesday-Blitz-February-27-2024"]
[Site "Chess.com"]
[Date "2024.02.27"]
[Round "8"]
[White "giomar27"]
[Black "Nf3c5"]
[Result "0-1"]
[WhiteElo "2400"]
[BlackElo "2553"]
[TimeControl "180+1"]
[EndTime "15:25:15 PST"]
[Termination "Nf3c5 won by resignation"]

1. Nc3 Nf6 2. e4 e5 3. Nf3 Nc6 4. Nxe5 Nxe5 5. d4 Ng6 6. e5 Ng8 7. Bc4 c6 8. Qf3 d5 9. exd6 Nf6 10. h4 Bxd6 11. h5 Qe7+ 12. Be3 Bg4 13. hxg6 Bxf3 14. gxf7+ Kd7 15. gxf3 Kc7 16. O-O-O Raf8 17. Rhe1 Rxf7 18. Bxf7 Qxf7 19. Kb1 a6 20. Ne4 Nd5 21. Rg1 h6 22. c4 Nxe3 23. fxe3 g5 24. Rdf1 Re8 25. c5 Bf8 26.
Rg4 Qf5 27. Rf2 Be7 28. Kc1 Rf8 29. Ng3 Qxg4 0-1

[Event "Late-Titled-Tuesday-Blitz-February-27-2024"]
[Site "Chess.com"]
[Date "2024.02.27"]
[Round "8"]
[White "AlexTruskavetsky"]
[Black "SergioMoralesG"]
[Result "1-0"]
[WhiteElo "2697"]
[BlackElo "2518"]
[TimeControl "180+1"]
[EndTime "15:25:27 PST"]
[Termination "AlexTruskavetsky won by resignation"]

1. d4 d5 2. c4 c6 3. Nf3 Nf6 4. e3 Bf5 5. Bd3 Bxd3 6. Qxd3 e6 7. O-O c5 8. b3 Nc6 9. Bb2 dxc4 10. bxc4 Be7 11.
Nc3 O-O 12. Rad1 Qa5 13. a3 Rfd8 14. d5 Bf8 15. e4 Qb6 16. Ba1 Qb3 17. Rb1 Qxa3 18.
Rxb7 Nb4 19. Qe2 exd5 20. cxd5 Re8 21. Qc4 Nc2 22. Bb2 Qa5 23. e5 Nh5 24. d6 Re6 25. Rxf7 Rae8 26. Ng5 Qb4 27. Rxf8+ Kxf8 28. Nxe6+ Kg8 29. Qa2 c4 30. Qxa7 Rxe6 31. Qa8+ Kf7 32.
Qf3+ Kg8 33. Qxh5 Qxb2 34. Qg4 Kf7 35. Qxc4 Qb7 36. Ne4 Na3 37. Qxe6+ Kxe6 38. Nc5+ Kxe5 39. Nxb7 1-0

[Event "Late-Titled-Tuesday-Blitz-February-27-2024"]
[Site "Chess.com"]
[Date "2024.02.27"]
[Round "8"]
[White "lamomiajunior"]
[Black "dropstoneDP"]
[Result "1/2-1/2"]
[WhiteElo "2736"]
[BlackElo "2973"]
[TimeControl "180+1"]
[EndTime "15:25:38 PST"]
[Termination "Game drawn by repetition"]

1. d4 d5 2. Nc3 Nf6 3. Bf4 c5 4. e3 cxd4 5. exd4 a6 6. Nf3 Nc6 7. Ne5 e6 8. Nxc6 bxc6 9. Na4 Bd6 10. Bxd6 Qxd6 11. Bd3 e5 12. dxe5 Qxe5+ 13. Qe2 Qxe2+ 14. Kxe2 O-O 15. Nc5 Nd7 16. Nxd7 Bxd7 17. Kd2 a5 18.
Rhe1 Rfb8 19. b3 Kf8 20. c4 a4 21. Kc3 axb3 22. axb3 Be6 23. f4 g6 24. b4 Rxa1 25. Rxa1 d4+ 26. Kxd4 Rxb4 27. Kc3 Rb6 28. Ra7 Ke8 29. c5 Rb3+ 30. Kc2 Rb4 31. g3 Kd8 32. Kc3 Rb3+ 33. Kd4 Rb2 34. Be4 Bd7 35. h4 Rb4+ 36. Ke3 Rc4 37. Ra5 Rc3+ 38. Kf2 Kc7 39. Ra7+ Kd8 40. Ra5 Kc7 41. Ra7+ Kd8 42. Ra5 1/2-1/2

[Event "Late-Titled-Tuesday-Blitz-February-27-2024"]
[Site "Chess.com"]
[Date "2024.02.27"]
[Round "8"]
[White "Joachim100x"]
[Black "Seochesspie"]
[Result "0-1"]
[WhiteElo "2492"]
[BlackElo "2876"]
[TimeControl "180+1"]
[EndTime "15:25:42 PST"]
[Termination "Seochesspie won by resignation"]

1. Nc3 d5 2. d4 Nf6 3. Bg5 Nbd7 4. Qd3 e6 5. e4 dxe4 6. Nxe4 Be7 7. Nxf6+ Bxf6 8.
Bxf6 Qxf6 9. Nf3 O-O 10. O-O-O c5 11. h4 cxd4 12. Qxd4 Qxd4 13. Nxd4 Nf6 14. f3 Bd7 15. Bd3 Rac8 16. Rhe1 Nd5 17. Be4 Bc6 18. Nxc6 bxc6 19.
Rd4 Rc7 20. c4 Nf6 21. c5 Rfc8 22. Red1 Nd5 23. b4 Kf8 24. Kb2 Rb8 25. Kb3 Rcb7 26. Bxd5 exd5 27. a3 a5 28. Re1 axb4 29. axb4 Rb5 30.
Rc1 Re8 31. Rc2 Re3+ 32. Rc3 Re2 33. Rc2 Re1 34. Ra2 Re3+ 35. Kc2 Rb8 36. Ra6 Rc8 37.
b5 cxb5 38. Rxd5 Re2+ 39. Kc3 Rxg2 40. Ra7 g6 41. Rdd7 Rxc5+ 42. Kd4 Rf5 43. Ke4 Re2+ 44. Kd4 Rxf3 0-1

[Event "Late-Titled-Tuesday-Blitz-February-27-2024"]
[Site "Chess.com"]
[Date "2024.02.27"]
[Round "8"]
[White "Vigg-Sama"]
[Black "ninguno46"]
[Result "0-1"]
[WhiteElo "2274"]
[BlackElo "2594"]
[TimeControl "180+1"]
[EndTime "15:25:43 PST"]
[Termination "ninguno46 won by resignation"]

1. c4 e5 2. g3 Nf6 3. Bg2 h6 4. Nf3 Nc6 5. Nc3 Bb4 6. Nd5 Bc5 7. e3 a6 8. O-O Ba7 9. Re1 O-O 10.
b3 d6 11. Nxf6+ Qxf6 12. Bb2 Qe7 13. d4 e4 14. Nd2 f5 15. f3 Nb4 16. fxe4 Nd3 17. Qc2 Nxe1 18. Rxe1 c5 19. d5 Bd7 20.
Rf1 fxe4 21. Bxe4 Rxf1+ 22. Kxf1 Rf8+ 23. Kg2 Qf7 24. Bf3 Bb6 25. e4 Ba5 26. Bc3 Bd8 27. e5 dxe5 28. Bxe5 Bg5 29. Bf4 Bxf4 30. gxf4 Qxf4 31.
Qd3 Qg5+ 32. Kf2 Qh4+ 33. Kg2 Bh3+ 34. Kg1 Qe1+ 35. Nf1 Bxf1 0-1

[Event "Late-Titled-Tuesday-Blitz-February-27-2024"]
[Site "Chess.com"]
[Date "2024.02.27"]
[Round "8"]
[White "Kgutierrez95"]
[Black "RantomOpening"]
[Result "0-1"]
[WhiteElo "2240"]
[BlackElo "2572"]
[TimeControl "180+1"]
[EndTime "15:25:44 PST"]
[Termination "RantomOpening won by resignation"]

1. e4 c5 2. Nf3 e6 3. d4 cxd4 4. Nxd4 Nf6 5. Nc3 Nc6 6. Ndb5 Bc5 7. Nd6+ Ke7 8. Nc4 d5 9. exd5 exd5 10. Nd2 Ng4 11.
Qe2+ Be6 12. f3 Nf2 13. Nb3 Bb6 14. Be3 Nxh1 15. Bxb6 axb6 16. O-O-O Re8 17. Nxd5+ Kf8 18. Nf4 Qg5 19. Qd2 Kg8 20. g3 Rxa2 21. Kb1 Rea8 22. Nxe6 Qxd2 23. Rxd2 fxe6 24. Bg2 Nxg3 25. hxg3 R2a4 26.
f4 Na5 27. Nxa5 R8xa5 28. b3 Ra1+ 29. Kb2 Rg1 30. g4 g5 31. f5 exf5 32. Bd5+ Rxd5 33.
Rxd5 fxg4 34. Rxg5+ Kf7 35. Rb5 g3 36. Rxb6 g2 37.
Rxb7+ Kf6 38. Rxh7 Rf1 39. Rh6+ Kg7 0-1

[Event "Late-Titled-Tuesday-Blitz-February-27-2024"]
[Site "Chess.com"]
[Date "2024.02.27"]
[Round "8"]
[White "Goryachkina"]
[Black "WindWhistler11"]
[Result "1-0"]
[WhiteElo "2694"]
[BlackElo "2512"]
[TimeControl "180+1"]
[EndTime "15:25:47 PST"]
[Termination "Goryachkina won by resignation"]

1. e4 e6 2. d4 d5 3. Nd2 Nf6 4. e5 Nfd7 5. Bd3 c5 6. c3 Nc6 7.
Ne2 f5 8. Nf4 Qe7 9. Nf3 cxd4 10. cxd4 Nb6 11. O-O Bd7 12. a4 a5 13. Bd2 Nb4 14. Bb5 Bxb5 15. axb5 Nc4 16. Bxb4 Qxb4 17. Nxe6 Rc8 18. Nf4 Qxb5 19. b3 Nb6 20. Qb1 g6 21. Rc1 Rc6 22. Rxc6 bxc6 23. Ne6 Kd7 24. Nf4 Be7 25. h4 Ra8 26. h5 g5 27. Qxf5+ Kc7 28.
Nxg5 Rf8 29. Nge6+ 1-0

[Event "Late-Titled-Tuesday-Blitz-February-27-2024"]
[Site "Chess.com"]
[Date "2024.02.27"]
[Round "8"]
[White "ameetghasi100"]
[Black "mishanick"]
[Result "0-1"]
[WhiteElo "2757"]
[BlackElo "3061"]
[TimeControl "180+1"]
[EndTime "15:25:49 PST"]
[Termination "mishanick won by checkmate"]

1. Nf3 d5 2. b3 c5 3. Bb2 Nc6 4. e3 a6 5. d4 Nf6 6. dxc5 Bg4 7.
a3 e5 8. b4 e4 9. h3 Bh5 10.
g4 Bg6 11. Nd4 Be7 12. c4 Ne5 13. Ne6 fxe6 14. Bxe5 O-O 15. Nc3 Nd7 16. Bg3 Bf6 17.
Rc1 Be5 18. Rg1 Bxg3 19. Rxg3 Ne5 20. cxd5 Qh4 21. Be2 Qf6 22. Rg2 Qh4 23. Rg3 Qf6 24. Rg2 Nd3+ 25. Bxd3 exd3 26. d6 Qe5 27. Kd2 a5 28. f4 Rxf4 29. exf4 Qxf4+ 30. Ke1 Rf8 31. Ne2 d2+ 32. Qxd2 Qf1# 0-1

[Event "Late-Titled-Tuesday-Blitz-February-27-2024"]
[Site "Chess.com"]
[Date "2024.02.27"]
[Round "8"]
[White "HajiyevKanan"]
[Black "Fjal"]
[Result "1-0"]
[WhiteElo "2491"]
[BlackElo "2293"]
[TimeControl "180+1"]
[EndTime "15:25:53 PST"]
[Termination "HajiyevKanan won by checkmate"]

1. d4 d6 2. Nf3 Bg4 3. c4 Nd7 4. Nbd2 e5 5. e4 Ngf6 6. Qb3 Qc8 7. Bd3 Be7 8. h3 Bxf3 9. Nxf3 O-O 10. Bg5 exd4 11.
Nxd4 Nc5 12. Qc2 h6 13. Nf5 Qe6 14. Bh4 Rfe8 15. O-O Bf8 16. Rfe1 g6 17. Nd4 Qe5 18. Nf3 Qe6 19. e5 Nxd3 20. Qxd3 Nd7 21. exd6 Qxd6 22. Qxd6 Bxd6 23. Rad1 Nc5 24. Nd4 g5 25. Bg3 Bxg3 26. fxg3 Kg7 27. Nf5+ Kg6 28. g4 Rad8 29. Rxd8 Rxd8 30.
Re7 Rd7 31. Re8 Rd1+ 32. Kh2 Ne6 33. Rh8 h5 34. Rh6# 1-0

[Event "Late-Titled-Tuesday-Blitz-February-27-2024"]
[Site "Chess.com"]
[Date "2024.02.27"]
[Round "8"]
[White "KorolDimitriy75"]
[Black "jk13"]
[Result "0-1"]
[WhiteElo "2445"]
[BlackElo "2666"]
[TimeControl "180+1"]
[EndTime "15:25:59 PST"]
[Termination "jk13 won by resignation"]

1. d4 Nf6 2. c4 e6 3. Nc3 Bb4 4.
Qc2 O-O 5. e4 d5 6. cxd5 exd5 7.
e5 Ne4 8. Bd3 c5 9. Ne2 cxd4 10.
Nxd4 Nd7 11. f4 Ndc5 12. O-O Bxc3 13. bxc3 Nxd3 14. Qxd3 Qc7 15. Ba3 Rd8 16. Rac1 Nc5 17. Qe3 b6 18. Nb5 Qe7 19. Nd6 Rxd6 20. f5 f6 21. e6 Ba6 22. Rf4 Nd3 23. Rd4 Nxc1 24.
Qxc1 Qc7 25. Qf4 Qxc3 26. Bb4 Qa1+ 27. Kf2 Qf1+ 28. Kg3 Qxf4+ 29. Kxf4 Rc6 0-1

[Event "Late-Titled-Tuesday-Blitz-February-27-2024"]
[Site "Chess.com"]
[Date "2024.02.27"]
[Round "8"]
[White "jefferyx"]
[Black "BogdanDeac"]
[Result "1-0"]
[WhiteElo "3084"]
[BlackElo "2948"]
[TimeControl "180+1"]
[EndTime "15:26:00 PST"]
[Termination "jefferyx won on time"]

1. d4 Nf6 2. c4 e6 3. Nc3 Bb4 4. Nf3 O-O 5. Bg5 c5 6. e3 h6 7. Bh4 cxd4 8. exd4 Qa5 9. Rc1 Ne4 10. Qc2 d5 11. Bd3 Qxa2 12. O-O Bxc3 13. Bxe4 dxe4 14. Qxc3 Qa4 15. Nd2 f5 16. f3 exf3 17. Nxf3 Nd7 18. Rfe1 Nf6 19. Bxf6 Rxf6 20. b4 Qd7 21. b5 a6 22. Ne5 Qc7 23. Ra1 Rf8 24. c5 b6 25.
Rec1 Rd8 26. cxb6 Qxb6 27. Qc5 Qd6 28. Nc6 Rd7 29. b6 1-0

[Event "Late-Titled-Tuesday-Blitz-February-27-2024"]
[Site "Chess.com"]
[Date "2024.02.27"]
[Round "8"]
[White "morte-negra"]
[Black "toninhojit"]
[Result "0-1"]
[WhiteElo "2060"]
[BlackElo "2466"]
[TimeControl "180+1"]
[EndTime "15:26:05 PST"]
[Termination "toninhojit won by resignation"]

1. e4 e5 2. f4 exf4 3. Bc4 d5 4. Bxd5 Nf6 5. Nc3 c6 6. Bb3 Bc5 7. Nf3 Bg4 8. d4 Bxf3 9. Qxf3 Bxd4 10. Bxf4 Qa5 11. O-O-O Bxc3 12. bxc3 O-O 13. e5 Nd5 14. Bxd5 cxd5 15. Rxd5 Qxa2 16. Kd2 Nc6 17. Qd3 Rad8 18. Rd6 Qa5 19. Re1 Qc5 20. Re2 Rc8 21. g3 Na5 22.
Rd4 Nc4+ 23. Ke1 b5 24. Kf1 Qc6 25. Kg1 a5 26. h4 a4 27. Bc1 a3 0-1

[Event "Late-Titled-Tuesday-Blitz-February-27-2024"]
[Site "Chess.com"]
[Date "2024.02.27"]
[Round "8"]
[White "PNEPaul"]
[Black "jactorres"]
[Result "1-0"]
[WhiteElo "2065"]
[BlackElo "2319"]
[TimeControl "180+1"]
[EndTime "15:26:07 PST"]
[Termination "PNEPaul won on time"]

1. e4 e5 2. Nf3 Nc6 3. Bc4 Nf6 4. d4 exd4 5. O-O Be7 6. c3 O-O 7. e5 Ne4 8. Bd5 Ng5 9. Nxg5 Bxg5 10.
f4 Be7 11. cxd4 d6 12. Bxc6 bxc6 13. Nc3 Ba6 14. Rf3 dxe5 15. fxe5 c5 16. d5 Bg5 17.
Ne4 Bxc1 18. Rxc1 Bb7 19. Nc3 Qg5 20. Qe1 Rfe8 21. Re3 Rad8 22. Rd1 h6 23. Re2 Kh8 24. h3 Bc8 25. Kh1 Qg6 26. Qh4 Ba6 27. Ree1 Qf5 28.
Qg4 Qxg4 29. hxg4 c6 30. d6 Re6 31. Na4 1-0

[Event "Late-Titled-Tuesday-Blitz-February-27-2024"]
[Site "Chess.com"]
[Date "2024.02.27"]
[Round "8"]
[White "dosto07"]
[Black "Evgeny81"]
[Result "0-1"]
[WhiteElo "2513"]
[BlackElo "2764"]
[TimeControl "180+1"]
[EndTime "15:26:09 PST"]
[Termination "Evgeny81 won by resignation"]

1. e4 c5 2. Nf3 a6 3. c3 b5 4.
d4 cxd4 5. cxd4 Bb7 6. Bd3 Nf6 7. Qe2 e6 8. O-O Be7 9. Bg5 h6 10. Bh4 d5 11. Bxf6 Bxf6 12. e5 Be7 13. Nbd2 Nc6 14.
a3 Na5 15. Bc2 Rc8 16. Rfc1 Nc4 17. Nxc4 dxc4 18. Be4 Bd5 19. h3 O-O 20. Nh2 Bg5 21. Rc3 a5 22. Rg3 b4 23. axb4 axb4 24. Ng4 c3 25. bxc3 Rxc3 26. Rxc3 bxc3 27. g3 Bd2 28. Nh2 Qc7 29. Bxd5 exd5 30. Nf3 Bg5 31. Nxg5 hxg5 32. e6 Re8 33. exf7+ Qxf7 34. Qd3 Rc8 35. Rc1 Qe6 36. Rxc3 Qe1+ 37. Kg2 Qxc3 38. Qf5 Qc6 39. Qxg5 Rf8 40. h4 Qe6 41. Qd2 Qe4+ 42. Kg1 Re8 43. Kh2 Qe2 44. Qf4 Rf8 0-1